Map: Chantier naval orbital

Players

Lasko

  • Race: Zerg Zerg
  • League: Silver

AgCl - Winner!

  • Race: Protoss Protoss
  • League: Silver

VOD

Have the link to the VOD?

Description

Time

  • Played on: July 17, 2015, 5:15 p.m.
  • Length: 15:46
Show
View Real Time Build Order
Export as new Build Order

Lasko Zerg 

Build Orders: Hatch First, Lurkers 

Get SALT Encoding   

  12  0:01  Drone  
  13  0:08  Drone  
  14  0:17  Overlord  
  14  0:35  Drone x2  
  15  0:36  Drone  
  17  0:46  Drone  
  18  0:59  Hatchery  
  18  1:01  Drone  
  18  1:11  Spawning Pool  
  18  1:14  Drone  
  18  1:19  Extractor  
  18  1:21  Drone  
  18  1:29  Overlord  
  18  1:40  Drone  
  19  1:51  Drone, Extractor  
  19  1:58  Queen  
  21  2:01  Zergling x2  
  22  2:12  Queen  
  22  2:13  Zergling x4  
  26  2:19  Metabolic Boost  
  26  2:29  Zergling x4  
  27  2:43  Drone x2  
  27  2:44  Drone  
  30  2:47  Drone  
  31  2:56  Drone  
  31  2:57  Drone  
  33  3:06  Drone x2  
  35  3:14  Overlord  
  35  3:17  Drone  
  36  3:32  Queen  
  38  3:38  Drone  
  38  3:39  Drone x5  
  43  3:41  Overlord  
  43  3:43  Roach Warren  
  42  3:49  Lair  
  42  3:51  Drone  
  43  4:02  Drone x4  
  47  4:14  Drone x2  
  47  4:16  Extractor  
  48  4:18  Extractor  
  47  4:25  Spore Crawler  
  47  4:28  Spore Crawler  
  42  4:36  Drone x2  
  42  4:37  Drone  
  44  4:45  Queen  
  44  4:49  Drone x6  
  44  4:50  Hatchery  
  51  4:53  Overlord  
  51  5:04  Overlord x2  
  51  5:15  Evolution Chamber  
  51  5:18  Evolution Chamber  
  51  5:20  Hydralisk Den  
  48  5:32  Drone x3, Overlord  
  48  5:34  Roach x3  
  57  5:38  Drone x2  
  57  5:39  Drone x2  
  61  5:45  Overseer  
  61  5:52  Zerg Missile Weapons Level 1, Zerg Ground Armor Level 1  
  61  5:54  Muscular Augments  
  61  6:01  Drone  
  61  6:02  Drone x4  
  66  6:26  Hydralisk x4  
  66  6:29  Ravager x3  
  77  6:39  Hydralisk x2  
  81  6:51  Drone  
  81  6:52  Overlord x2  
  81  6:53  Extractor  
  81  6:54  Extractor  
  81  6:58  Infestation Pit  
  79  7:03  Drone x3  
  79  7:07  Lurker Den  
  79  7:08  Overlord x3  
  82  7:13  Drone x2  
  82  7:14  Drone  
  86  7:15  Drone x2  
  86  7:16  Drone  
  86  7:18  Hydralisk x4  
  96  7:25  Drone x2, Overlord  
  96  7:26  Overlord  
  94  7:38  Hydralisk x6  
  94  7:39  Hydralisk x2  
  100  7:55  Hydralisk x7  
  105  8:09  Hydralisk x4  
  110  8:22  Hydralisk x4  
  110  8:26  Zergling x6  
  107  8:51  Hydralisk x5  
  98  9:05  Overseer  
  98  9:06  Overseer  
  98  9:07  Overseer  
  98  9:08  Pneumatized Carapace  
  94  9:13  Hatchery  
  89  9:21  Drone x3  
  90  9:48  Hydralisk  
  90  9:49  Hydralisk x3  
  90  9:52  Lurker x4  
  102  10:02  Drone x4  
  106  10:07  Extractor  
  101  10:33  Drone  
  101  10:34  Drone x3  
  101  10:35  Drone x3  
  106  10:40  Spire  
  104  10:46  Hatchery  
  103  10:50  Drone x4  
  103  10:53  Drone x3  
  110  10:57  Spine Crawler  
  110  10:59  Spine Crawler  
  108  11:08  Hive  
  108  11:19  Drone x2  
  108  11:20  Drone, Overlord  
  108  11:21  Overlord  
  111  11:42  Extractor  
  111  11:44  Overlord  
  111  11:45  Overlord x3, Extractor  
  109  11:54  Corruptor  
  109  11:55  Corruptor x8  
  127  12:20  Zergling x8  
  127  12:21  Zergling x16  
  139  12:31  Zerg Flyer Armor Level 1  
  139  12:32  Viper  
  139  12:33  Viper x2  
  148  13:00  Overlord  
  148  13:01  Overlord  
  146  13:09  Corruptor  
  146  13:10  Corruptor x4  
  154  13:28  Hydralisk  
  154  13:29  Hydralisk x5  
  154  13:32  Glial Reconstitution  
  86  14:32  Hydralisk x5  
  86  14:33  Hydralisk x16  
  110  14:44  Corruptor x2  
  110  14:45  Corruptor  
  116  15:07  Zergling x8  
  116  15:08  Zergling x24  
Show
View Real Time Build Order
Export as new Build Order

AgCl Protoss - Winner!

Build Orders: Oracle Opening 

Get SALT Encoding   

  12  0:12  Pylon  
  12  0:35  Probe (Chrono Boost), Gateway  
  13  0:40  Assimilator  
  13  0:45  Probe (Chrono Boost)  
  14  0:52  Probe  
  15  1:04  Probe  
  15  1:06  Pylon  
  16  1:16  Probe  
  17  1:22  Zealot (Chrono Boost)  
  19  1:30  Probe  
  19  1:31  Cybernetics Core  
  20  1:42  Probe (Chrono Boost)  
  21  1:52  Assimilator  
  22  1:54  Probe (Chrono Boost)  
  22  2:02  Probe (Chrono Boost)  
  23  2:17  Nexus  
  23  2:23  Stargate  
  23  2:25  Probe  
  24  2:37  Probe (Chrono Boost)  
  23  2:49  Probe (Chrono Boost)  
  24  2:56  Probe (Chrono Boost), Pylon  
  25  3:03  Assimilator  
  27  3:07  Mothership Core (Chrono Boost)  
  27  3:17  Pylon  
  27  3:21  Probe  
  27  3:22  Oracle (Chrono Boost)  
  27  3:24  Warp Gate  
  31  3:33  Probe  
  32  3:34  Probe  
  32  3:37  Pylon  
  33  3:46  Probe x2 (Chrono Boost)  
  33  3:48  Pylon  
  35  3:59  Probe (Chrono Boost)  
  35  4:01  Probe (Chrono Boost)  
  37  4:02  Assimilator  
  39  4:10  Probe x2 (Chrono Boost)  
  39  4:16  Probe (Chrono Boost)  
  41  4:17  Probe (Chrono Boost)  
  40  4:26  Probe  
  40  4:28  Probe  
  41  4:32  Phoenix (Chrono Boost)  
  40  4:38  Probe  
  40  4:40  Probe  
  42  4:50  Probe  
  42  4:51  Gateway  
  42  4:52  Probe (Chrono Boost)  
  44  5:04  Probe (Chrono Boost)  
  44  5:06  Fleet Beacon  
  44  5:07  Probe (Chrono Boost)  
  48  5:15  Probe x2 (Chrono Boost)  
  48  5:23  Probe x2 (Chrono Boost)  
  48  5:27  Carrier (Chrono Boost)  
  50  5:29  Gateway x2  
  50  5:32  Gateway  
  50  5:33  Probe  
  50  5:34  Probe  
  52  5:35  Robotics Facility  
  52  5:45  Probe  
  59  5:52  Probe  
  60  6:05  Graviton Catapult (Chrono Boost)  
  60  6:09  Zealot  
  64  6:25  Warp Prism (Chrono Boost)  
  64  6:42  Gateway  
  64  6:43  Pylon, Carrier (Chrono Boost)  
  64  6:46  Gateway  
  64  6:47  Twilight Council  
  64  6:48  Pylon x2  
  64  6:50  Forge  
  64  6:55  Observer (Chrono Boost)  
  65  7:05  Protoss Air Weapons Level 1 (Chrono Boost)  
  65  7:08  Stargate  
  71  7:09  Pylon  
  71  7:18  Adept x2  
  71  7:19  Adept x2  
  79  7:23  Probe  
  80  7:35  Dark Shrine  
  80  7:36  Carrier (Chrono Boost)  
  80  7:37  Pylon  
  80  7:50  Adept x4  
  80  7:51  Adept x2  
  98  7:59  Shield Upgrade  
  98  8:09  Forge, Pylon, Carrier (Chrono Boost)  
  94  8:24  Adept x3  
  94  8:25  Stalker  
  104  8:51  Dark Templar x2  
  72  9:09  Carrier x2 (Chrono Boost)  
  72  9:15  Pylon  
  72  9:18  Photon Cannon  
  70  9:29  Nexus  
  70  9:30  Assimilator  
  70  9:32  Pylon  
  70  9:35  Assimilator  
  70  9:38  Observer (Chrono Boost)  
  83  9:47  Probe (Chrono Boost)  
  83  9:50  Photon Cannon  
  85  9:53  Probe (Chrono Boost)  
  85  9:56  Protoss Air Weapons Level 2 (Chrono Boost), Pylon  
  85  9:57  Probe (Chrono Boost)  
  87  10:01  Probe (Chrono Boost)  
  87  10:04  Probe  
  88  10:09  Protoss Ground Weapons Level 1 (Chrono Boost)  
  88  10:11  Probe  
  89  10:16  Probe, Adept x2  
  89  10:17  Adept  
  89  10:19  Carrier (Chrono Boost)  
  96  10:24  Probe  
  97  10:28  Probe  
  98  10:40  Carrier (Chrono Boost)  
  98  10:41  Probe  
  99  10:43  Probe  
  100  10:50  Probe  
  100  10:53  Probe  
  100  10:55  Probe  
  103  11:02  Probe  
  110  11:05  Probe  
  110  11:08  Probe  
  112  11:14  Probe  
  113  11:20  Carrier (Chrono Boost)  
  113  11:37  Templar Archives  
  113  11:41  Pylon  
  113  11:43  Carrier (Chrono Boost)  
  113  11:44  Dark Templar  
  113  11:45  Probe  
  122  11:49  Nexus  
  122  12:00  Pylon  
  128  12:03  Pylon  
  128  12:04  Psionic Storm  
  128  12:09  Probe  
  129  12:16  Stargate  
  129  12:19  Gateway  
  129  12:21  Pylon  
  129  12:24  Probe  
  129  12:27  Photon Cannon  
  130  12:32  Carrier (Chrono Boost)  
  130  12:35  Pylon  
  130  12:37  Pylon  
  130  12:41  Pylon  
  130  12:44  Assimilator  
  136  12:58  Adept x2  
  136  12:59  Sentry  
  136  13:00  Dark Templar  
  142  13:10  Probe, Pylon  
  142  13:11  Gateway  
  143  13:18  Photon Cannon  
  143  13:19  Assimilator  
  143  13:31  Protoss Shields Level 1 (Chrono Boost)  
  143  13:37  Protoss Ground Weapons Level 2 (Chrono Boost)  
  143  13:39  Carrier (Chrono Boost), High Templar  
  151  14:12  Carrier (Chrono Boost)  
  151  14:14  Dark Templar x2  
  135  14:30  Archon  
  133  14:38  High Templar  
  133  14:40  Probe  
  133  14:42  Pylon  
  136  14:58  Adept x3  
  136  14:59  Nexus  
  142  15:00  Pylon x2  
  142  15:01  Assimilator  
  142  15:03  Void Ray x2 (Chrono Boost)  
  142  15:05  Assimilator  
  150  15:12  High Templar  
  150  15:14  High Templar  
  150  15:22  Pylon  
Tags
 
Add a new tag
Caveats
  • Supply blocks, unpowered buildings, or Contaminate may cause inaccurate times.
  • Supply counts are checked every 10 seconds.